 Dungeon Crawl Stone Soup version 0.27-a0-1442-g87b6fcb595 (webtiles) character file.

Game seed: 14995210526303256357

79 Brandom the Skirmisher (level 4, -11/40 HPs)
             Began as a Draconian Abyssal Knight on July 4, 2021.
             Was a Believer of Lugonu.
             Mangled by Crazy Yiuf (13 damage)
             ... on level 3 of the Dungeon.
             The game lasted 00:04:09 (2021 turns).

Brandom the Skirmisher (Draconian Abyssal Knight)   Turns: 2021, Time: 00:04:10

Health: -11/40     AC:  5    Str: 12 (14) XL:     4   Next: 16%
Magic:  5/6        EV: 17    Int: 12 (13) God:    Lugonu [**....]
Gold:   71         SH:  0    Dex:  9 (11) Spells: 2/3 levels left

rFire    + . .     SeeInvis .   a - +1 hand axe
rCold    + + .     Faith    .   (no shield)
rNeg     . . .     Spirit   .   (armour unavailable)
rPois    +         Reflect  .   (helmet restricted)
rElec    +         Harm     .   (no cloak)
rCorr    +         Rampage  .   (no gloves)
Will     .....                  (no boots)
Stlth    +.........             (no amulet)
HPRegen  0.13/turn              d - ring of protection from cold
MPRegen  0.10/turn              (no ring)

@: agile, lethally poisoned (-11 -> -13), resistant, attractive
A: AC +5, unfitting armour, cold-blooded
a: Renounce Religion, Depart the Abyss, Bend Space


You were on level 3 of the Dungeon.
You worshipped Lugonu.
Lugonu was pleased with you.
You visited 1 branch of the dungeon, and saw 3 of its levels.
You visited the Abyss 1 time.

You collected 71 gold pieces.

Inventory:

Hand Weapons
 a - a +1 hand axe (weapon)
Missiles
 b - 50 stones
 e - 4 javelins
Jewellery
 d - a ring of protection from cold (left hand)
   (You found it on level 1 of the Dungeon)
Scrolls
 f - a scroll of teleportation {unknown}
 g - a scroll of amnesia {unknown}
 h - a scroll of identify {unknown}
Potions
 i - a potion of brilliance {unknown}


   Skills:
 * Level 4.2 Fighting
 + Level 2.5 Axes
 + Level 2.5 Dodging
 + Level 0.2 Spellcasting
 + Level 0.5 Transmutations
 + Level 0.2 Poison Magic
 + Level 2.7 Invocations


You had 2 spell levels left.
You knew the following spells:

 Your Spells              Type           Power      Damage    Failure   Level
a - Sting                 Tmut/Pois      4%         1d3       28%         1

Your spell library contained the following spells:

 Spells                   Type           Power      Damage    Failure   Level
 Poisonous Vapours        Pois/Air       0%         N/A       43%         2
 Olgreb's Toxic Radiance  Pois           0%         N/A       96%         4


Dungeon Overview and Level Annotations

Branches:
Dungeon (3/15)

Altars:
Makhleb

Annotations:
D:3 Crazy Yiuf


Innate Abilities, Weirdness & Mutations

Your plain brown scales are hard. (AC +5)
You cannot fit into any form of body armour.
You are cold-blooded and may be slowed by cold attacks.


Message History

Lugonu accepts your kill.
No target in view!
No target in view!
You now have 71 gold pieces (gained 10).
A ball python comes into view.
The ball python hisses angrily.
Found a viscous sapphire potion.
The ball python bites you but does no damage.
The ball python grabs you. The ball python constricts you.
You hit the ball python.
You kill the ball python!
Lugonu accepts your kill.
You can now bend space around yourself.
No target in view!
You see here a ball python corpse.
Found a fuming orange potion.
j - a viscous sapphire potion
k - a fuming orange potion
Found a mace.
Crazy Yiuf shouts!
You open the door.
Aim: Crazy Yiuf, wielding a +3 quarterstaff of chaos and wearing a +0 cloak (69% to hit)
The sting hits Crazy Yiuf but does no damage.
Crazy Yiuf is poisoned.
Crazy Yiuf hits you with a +3 quarterstaff of chaos!
You feel agile all of a sudden.
You hit Crazy Yiuf. Crazy Yiuf hits you but does no damage.
You are poisoned.
You hit Crazy Yiuf.
You feel very sick. Crazy Yiuf misses you.
You hit Crazy Yiuf.
You feel sick. Crazy Yiuf closely misses you.
Crazy Yiuf hits you with a +3 quarterstaff of chaos!
* * * LOW HITPOINT WARNING * * *
Crazy Yiuf burns you.
* * * LOW HITPOINT WARNING * * *
It was a potion of resistance.
You feel protected.
* * * LOW HITPOINT WARNING * * *
You feel sick. Crazy Yiuf misses you.
It was a potion of degeneration.
There was something very wrong with that liquid.
You feel weakened.
You feel dopey.
You feel clumsy.
* * * LOW HITPOINT WARNING * * *
You feel sick.
Crazy Yiuf looks more healthy.
Crazy Yiuf closely misses you.
It was a potion of attraction.
You feel attractive to monsters.
* * * LOW HITPOINT WARNING * * *
You feel sick.
Crazy Yiuf hits you with a +3 quarterstaff of chaos!
You die...

....# #..............#
##.†#
#.###########..#######
#..# #.# #........#
#..######## #####
#.######.# #.......#
#..)# #.# #.#####.###
#...# #.######.#
#....>..<.# ...
#......... ..........#
#g# #.######.##
...........# ♣♣@♣
#..........
..........## ♣.♣♣
#..).....# ..........#
♣♣.♣ #.########
#####.#..# ♣.♣♣
#........# .....#
♣♣.♣♣ ########.#
#####.# ♣...♣♣ #.#
♣....♣ ###.### #....#
#...... ##..###
#......


You could see Crazy Yiuf.

Vanquished Creatures
  4 adders
  A worm (D:2)
  2 dart slugs (D:1)
  An orc (D:3)
  5 ball pythons
  6 endoplasms
  2 giant cockroaches (D:1)
  4 hobgoblins
  A bat (D:2)
  4 frilled lizards
  4 kobolds (D:1)
  2 rats
36 creatures vanquished.

Notes
Turn   | Place    | Note
-------+----------+-------------------------------------------
     0 | Abyss:1  | Brandom the Draconian Abyssal Knight began the quest for
                  | the Orb.
     0 | Abyss:1  | Reached XP level 1. HP: 19/19 MP: 2/2
   137 | Abyss:1  | Noticed an iron imp
   140 | Abyss:1  | Noticed a raiju
   155 | Abyss:1  | Noticed a thrashing horror
   163 | D:1      | Escaped the Abyss
   457 | D:1      | Found a faded altar of an unknown god.
   540 | D:1      | Reached XP level 2. HP: 26/26 MP: 3/3
   634 | D:1      | Reached * piety under Lugonu
  1211 | D:2      | Found a burning altar of Makhleb.
  1383 | D:2      | Reached XP level 3. HP: 33/33 MP: 4/4
  1483 | D:2      | Reached skill level 4 in Fighting
  1789 | D:2      | Learned a level 1 spell: Sting
  1905 | D:3      | Reached XP level 4. HP: 39/40 MP: 2/6
  1989 | D:3      | Reached ** piety under Lugonu
  2010 | D:3      | Found a runed translucent door.
  2011 | D:3      | Noticed Crazy Yiuf
  2021 | D:3      | HP: 2/40 [poisoned by Crazy Yiuf]
  2021 | D:3      | Mangled by Crazy Yiuf

Illustrated notes

Levels and vault maps discovered:
D:1:      dpeg_arrival_tiny_c, layout_basic, basic_ecumenical_altar
D:2:      layout_basic, basic_altar
D:3:      layout_basic, lexackson_kobold_supper, uniq_crazy_yiuf_cottage

Skill      XL: |  1  2  3 |
---------------+----------+-----
Fighting       | 4 |  4.2
Axes           | |  2.5
Dodging        | |  2.5
Spellcasting   | |  0.2
Transmutations | |  0.5
Poison Magic   | |  0.2
Invocations    | |  2.7

Action                   |  1- 3 |  4- 6 || total
-------------------------+-------+-------++-------
Melee: Hand axe          |   120 |    10 ||   130
       Tailslap          |    11 |     1 ||    12
 Cast: Sting             |     2 |     1 ||     3
Invok: Depart the Abyss  |     1 |       ||     1
  Use: Potion            |       |     3 ||     3
Armor: Skin              |    32 |     4 ||    36
Dodge: Dodged            |    88 |     5 ||    93

Table legend: (Time is in decaauts)
 A = Elapsed time spent in this place.
 B = Non-inter-level travel time spent in this place.
 C = Inter-level travel time spent in this place.
 D = Time resting spent in this place.
 E = Time spent auto-exploring this place.
 F = Levels seen in this place.
 G = Mean time per level.
                   A        B        C        D        E       F      G
               +--------+--------+--------+--------+--------+-----+--------+
         Total |   2044 |   2008 |     36 |      2 |   1580 |   4 |  511.0 |
       Dungeon |   1880 |   1844 |     36 |      2 |   1536 |   3 |  626.7 |
         Abyss |    163 |    163 |      0 |      0 |     44 |   1 |  163.0 |
               +--------+--------+--------+--------+--------+-----+--------+

Top non-repeatable levels by time:
     D:1: 919 daAuts
     D:2: 749 daAuts
     D:3: 211 daAuts
 Abyss:1: 163 daAuts
